Map: Jagannatha LE

Players

Spawn

  • Race: Protoss Protoss
  • League: Master
  • Spawn Location: 1:00

Wizard - Winner!

  • Race: Zerg Zerg
  • League: Master
  • Spawn Location: 7:00

VOD

Have the link to the VOD?

Description

Time

  • Played on: Dec. 27, 2020, 7:39 p.m.
  • Length: 7:40
Show
View Real Time Build Order
Export as new Build Order

Spawn Protoss 

Build Orders: 1 Gate Expand 

Get SALT Encoding   

  12  0:00  Probe  
  13  0:12  Probe  
  14  0:17  Pylon  
  14  0:20  Pylon  
  14  0:24  Probe  
  15  0:39  Probe  
  15  0:42  Gateway  
  16  0:51  Probe (Chrono Boost)  
  16  0:52  Assimilator  
  17  1:03  Probe (Chrono Boost)  
  19  1:11  Probe (Chrono Boost)  
  19  1:17  Probe  
  20  1:31  Nexus  
  20  1:39  Cybernetics Core  
  20  1:45  Pylon  
  20  1:50  Assimilator  
  20  1:51  Probe  
  21  2:03  Probe  
  23  2:15  Probe  
  23  2:27  Probe  
  23  2:28  Adept (Chrono Boost)  
  24  2:30  Stargate  
  24  2:36  Forge  
  26  2:39  Probe  
  27  2:47  Probe  
  28  2:52  Probe  
  28  2:56  Shield Battery  
  28  2:58  Stalker  
  31  3:01  Probe  
  31  3:04  Probe  
  33  3:07  Warp Gate  
  33  3:13  Probe  
  33  3:15  Void Ray (Chrono Boost)  
  33  3:16  Probe  
  35  3:26  Probe  
  41  3:34  Probe  
  41  3:39  Probe, Assimilator  
  42  3:41  Assimilator  
  42  3:46  Probe  
  42  3:47  Pylon  
  43  3:51  Probe  
  43  3:53  Pylon  
  44  3:58  Probe  
  44  3:59  Pylon  
  45  4:04  Probe  
  46  4:10  Probe  
  46  4:13  Void Ray (Chrono Boost)  
  46  4:16  Probe (Chrono Boost)  
  48  4:17  Robotics Facility  
  48  4:20  Sentry  
  48  4:23  Probe (Chrono Boost)  
  55  4:28  Probe (Chrono Boost)  
  56  4:34  Probe (Chrono Boost)  
  56  4:35  Probe (Chrono Boost)  
  56  4:38  Probe (Chrono Boost)  
  58  4:42  Probe  
  58  4:43  Void Ray  
  60  4:46  Adept  
  60  4:49  Probe  
  67  4:54  Probe  
  68  5:01  Probe  
  69  5:09  Pylon, Nexus  
  69  5:12  Probe  
  70  5:16  Robotics Bay  
  70  5:22  Stargate  
  70  5:27  Probe x2  
  72  5:40  Probe x2  
  74  5:46  Stargate  
  74  5:49  Gateway x2  
  74  5:52  Probe x2  
  74  5:53  Gateway  
  74  5:56  Shield Battery, Assimilator  
  76  5:57  Photon Cannon  
  76  6:04  Probe x2  
  78  6:19  Probe  
  78  6:22  Pylon, Void Ray (Chrono Boost)  
  78  6:23  Pylon  
  78  6:27  Photon Cannon  
  78  6:30  Void Ray (Chrono Boost), Photon Cannon  
  77  6:40  Probe x2  
  78  6:52  Zealot x3  
  67  6:57  Void Ray (Chrono Boost)  
  65  7:03  Probe  
  69  7:13  Zealot x3  
  69  7:15  Probe  
Show
View Real Time Build Order
Export as new Build Order

Wizard Zerg - Winner!

Build Orders: Hatch First 

Get SALT Encoding   

  12  0:01  Drone  
  13  0:12  Overlord  
  13  0:17  Drone  
  14  0:32  Drone x2  
  16  0:49  Hatchery  
  15  0:52  Drone  
  15  0:55  Drone  
  17  0:59  Drone  
  18  1:08  Extractor  
  17  1:15  Spawning Pool  
  17  1:18  Drone  
  17  1:21  Drone  
  18  1:28  Drone  
  19  1:40  Drone  
  20  1:53  Drone  
  21  2:02  Drone x2  
  21  2:06  Queen  
  25  2:11  Overlord  
  25  2:14  Metabolic Boost  
  25  2:20  Drone  
  26  2:26  Zergling x2  
  26  2:27  Drone  
  28  2:30  Hatchery  
  28  2:32  Overlord  
  28  2:35  Drone  
  28  2:43  Queen  
  30  2:48  Drone x2  
  32  2:56  Drone x2  
  34  3:02  Queen  
  34  3:05  Zergling x2  
  37  3:06  Zergling x2  
  38  3:15  Overlord  
  38  3:18  Drone x3  
  41  3:22  Drone  
  41  3:25  Lair  
  42  3:29  Spore Crawler, Drone  
  42  3:30  Drone  
  43  3:36  Spore Crawler  
  43  3:39  Drone  
  43  3:43  Queen  
  45  3:48  Pneumatized Carapace  
  45  3:51  Drone  
  46  3:58  Drone  
  46  3:59  Drone  
  48  4:04  Overlord x2  
  48  4:09  Extractor  
  47  4:11  Roach Warren  
  47  4:12  Drone x3  
  49  4:17  Extractor, Drone x2  
  49  4:22  Queen  
  52  4:27  Queen  
  52  4:30  Spore Crawler  
  52  4:32  Queen  
  49  4:56  Drone x3  
  49  4:59  Roach x7  
  66  5:15  Overlord x2  
  65  5:33  Queen  
  67  5:38  Zergling x2  
  67  5:39  Zergling x26  
  81  5:49  Overlord  
  81  5:53  Ravager  
  82  6:07  Overlord x2  
  80  6:24  Queen  
  81  6:31  Overlord x2, Drone  
  81  6:32  Overlord x2  
  81  6:49  Queen x2  
  84  6:54  Drone  
  84  6:55  Drone x9  
  84  6:59  Extractor  
  91  7:06  Drone x2  
  91  7:08  Hydralisk Den  
  88  7:09  Roach  
  81  7:30  Hatchery  
Tags
 
Add a new tag
Caveats
  • Supply blocks, unpowered buildings, or Contaminate may cause inaccurate times.
  • Supply counts are checked every 10 seconds.